 Dungeon Sprint DCSS version 0.26-a0-695-g987792ac36 (webtiles) character file.

Game seed: 12081199065650524482

12 sahdkjhfkaj the Martial Artist (level 7, -1/54 HPs)
             Began as an Octopode Artificer on Oct 26, 2020.
             Was a Follower of Makhleb.
             Succumbed to a queen ant's poison
             ... in the Dungeon (Sprint VI: "Thunderdome").
             The game lasted 00:01:42 (170 turns).

sahdkjhfkaj the Martial Artist (Octopode Artificer)  Turns: 170, Time: 00:01:42

Health: -1/54      AC:  1    Str: 12    XL:     7   Next: 65%
Magic:  7/7        EV: 23    Int: 15    God:    Makhleb [*.....]
Gold:   40         SH:  0    Dex: 21    Spells: 6/6 levels left

rFire    . . .     SeeInvis +     - Unarmed
rCold    . . .     Faith    .   (no shield)
rNeg     . . .     Spirit   .   (helmet restricted)
rPois    .         Reflect  .   (no amulet)
rElec    +         Harm     .   o - ring "Raapuhoo" {*Slow +Inv rElec MR+ EV+4}
rCorr    .         Rampage  .   p - ring "Siamyeja" {Dex+6 SInv Stlth+}
MR       +....     NoTele   +   q - ring of Trepidation {rElec Dex+3 Stlth+}
Stlth    +++++.....             (no ring)
HPRegen  0.18/turn              (no ring)
MPRegen  0.10/turn              (no ring)
                                (no ring)
                                (no ring)

@: lethally poisoned (-1 -> -36)
A: almost no armour, stealthy swim, amphibious, 8 rings, constrict 8, camouflage
1, gelatinous body 1
a: Renounce Religion, Evoke Invisibility


You were in the Dungeon.
You worshipped Makhleb.
Makhleb was aware of your devotion.
You visited 1 branch You collected 220 gold pieces.
You spent 180 gold pieces at shops.

Inventory:

Jewellery
 o - the ring "Raapuhoo" (left tentacle) {*Slow +Inv rElec MR+ EV+4}
   (You bought it in a shop in the Dungeon)

   [ring of evasion]

   It affects your evasion (+4).
   It insulates you from electricity.
   It affects your resistance to hostile enchantments.
   It lets you turn invisible.
   It may slow you when you take damage.
 p - the ring "Siamyeja" (right tentacle) {Dex+6 SInv Stlth+}
   (You bought it in a shop in the Dungeon)

   [ring of dexterity]

   It affects your dexterity (+6).
   It lets you see invisible.
   It makes you more stealthy.
 q - the ring of Trepidation (on tentacle) {rElec Dex+3 Stlth+}
   (You bought it in a shop in the Dungeon)

   [ring of stealth]

   It affects your dexterity (+3).
   It insulates you from electricity.
   It makes you more stealthy.
Wands
 b - a wand of flame (14)
 c - a wand of enslavement (15)
 d - a wand of random effects (6)
 k - a wand of acid (4)
 l - a wand of iceblast (2)
Scrolls
 j - 4 scrolls of blinking {!r}
 m - 3 scrolls of fog {!r}
Potions
 f - 3 potions of heal wounds {!q}
 g - 4 potions of haste {!q}
 h - 2 potions of magic {!q}
 i - a potion of berserk rage {!q}
 n - a potion of resistance {!q}


   Skills:
 + Level 7.3 Fighting
 + Level 7.6 Dodging
 - Level 1.3 Stealth
 * Level 10.2 Unarmed Combat
 + Level 8.6 Evocations


You had 6 spell levels left.
You didn't know any spells.
Your spell library was empty.

Dungeon Overview and Level Annotations

Branches:
Dungeon (1/1)

Altars:
Cheibriados
Dithmenos
Fedhas
Gozag
Kikubaaqudgha
Makhleb
Okawaru
Qazlal
Ru
Sif Muna
Trog
Uskayaw
Vehumet
Wu Jian
Xom
Yredelemnul
Zin
The Shining One
Beogh
Jiyva
Lugonu

Shops:
D *[??*?*:[((!!!!


Innate Abilities, Weirdness & Mutations

You cannot wear most types of armour.
You are very stealthy in the water. (Stealth+)
You are amphibious.
You can wear up to eight rings at the same time.
You can use your tentacles to constrict eight enemies at once.
Your skin changes colour to match your surroundings (Stealth+).
Your rubbery body absorbs attacks. (AC +1, EV +1)


Message History

You feel very sick.
* * * LOW HITPOINT WARNING * * *
You feel very sick.
* * * LOW HITPOINT WARNING * * *
You feel very sick.
Unknown command.
* * * LOW HITPOINT WARNING * * *
You feel very sick.
Unknown command.
Unknown command.
Unknown command.
Unknown command.
* * * LOW HITPOINT WARNING * * *
You feel very sick.
Unknown command.
Unknown command.
Unknown command.
Unknown command.
Unknown command.
You die...

....###......___∩##
..8.# .8........∩###
....###.............##
.###...# #..........⌠#
.# #.<.# #..........⌠#
.###...###.†........⌠#
....###.............#
..8.# #.8........∩###
....###......___@##
8.........8.######
...........⌠#
#.........###
#_......._#
#_........#
#_......._#
#∩.......∩#
##∩.....∩##


There were no monsters in sight!

Vanquished Creatures
  A queen ant (D)
  4 worker ants (D)
5 creatures vanquished.

Notes
Turn   | Place    | Note
-------+----------+-------------------------------------------
     0 | D        | sahdkjhfkaj the Octopode Artificer began the quest for the
                  | Orb.
     0 | D        | Reached XP level 1. HP: 13/13 MP: 1/1
     1 | D        | Found a shimmering blue altar of Sif Muna.
     1 | D        | Found a burning altar of Makhleb.
     2 | D        | Found a radiant altar of Vehumet.
     2 | D        | Found a glowing golden altar of the Shining One.
     3 | D        | Found a bloodstained altar of Trog.
     3 | D        | Found a stormy altar of Qazlal.
     4 | D        | Found an ancient bone altar of Kikubaaqudgha.
     4 | D        | Found a hide-covered altar of Uskayaw.
     4 | D        | Found Giumag's Magic Scroll Shop.
     4 | D        | Found Doatwaot's Staff Store.
     5 | D        | Found Sorriq's Magic Scroll Shop.
     5 | D        | Found Pann's Must-Have Magic.
     5 | D        | Round 1.
     9 | D        | Became a worshipper of Makhleb the Destroyer
    12 | D        | Noticed a worker ant
    13 | D        | Found Ytaenam's Jewellery.
    13 | D        | Found Fiukaukk's Advanced Armour.
    15 | D        | Found an opulent altar of Gozag.
    15 | D        | Found an iron altar of Okawaru.
    15 | D        | Found Eneclux's Identification Station.
    22 | D        | Killed a worker ant
    22 | D        | Reached skill level 3 in Unarmed Combat
    22 | D        | Reached XP level 2. HP: 15/20 MP: 2/2
    22 | D        | Reached XP level 3. HP: 19/25 MP: 3/3
    24 | D        | Bought a glittering lead ring for 45 gold pieces
    24 | D        | Bought a crude jade ring for 45 gold pieces
    24 | D        | Bought a sparkling bone ring for 45 gold pieces
    24 | D        | Bought a pitted brass amulet for 45 gold pieces
    24 | D        | Identified the ring "Raapuhoo" {*Slow +Inv rElec MR+ EV+4}
                  | (You bought it in a shop in the Dungeon)
    25 | D        | Identified the ring "Siamyeja" {Dex+6 SInv Stlth+} (You
                  | bought it in a shop in the Dungeon)
    26 | D        | Identified the ring of Trepidation {rElec Dex+3 Stlth+}
                  | (You bought it in a shop in the Dungeon)
    32 | D        | Identified the amulet "Zochof" {Inacc +Inv Str+4 Int-5}
                  | (You bought it in a shop in the Dungeon)
    43 | D        | Found a snail-covered altar of Cheibriados.
    44 | D        | Found a sacrificial altar of Ru.
    45 | D        | Found a viscous altar of Jiyva.
    46 | D        | Found Cuog's Premium Goods.
    61 | D        | Reached skill level 4 in Unarmed Combat
   133 | D        | Reached * piety under Makhleb
   133 | D        | Reached skill level 5 in Evocations
   133 | D        | Reached XP level 4. HP: 19/31 MP: 4/4
   138 | D        | Reached skill level 5 in Unarmed Combat
   145 | D        | Found Dijitsaw's Miscellaneous Merchandise.
   145 | D        | Found Risyd's Basic Armour.
   146 | D        | Found a roughly hewn altar of Beogh.
   146 | D        | Found a shadowy altar of Dithmenos.
   146 | D        | Found Riguesch's Weapon Rack.
   150 | D        | Found a blossoming altar of Fedhas.
   151 | D        | Found a shimmering altar of Xom.
   152 | D        | Found a corrupted altar of Lugonu.
   153 | D        | Found Reikyvoq's Do-It-Yourself Clinic.
   153 | D        | Noticed a queen ant
   154 | D        | Found Gethrenola's Bottled Wisdom.
   154 | D        | Found Koas's Distillery.
   154 | D        | Found a glowing silver altar of Zin.
   154 | D        | Found a basalt altar of Yredelemnul.
   154 | D        | Found an ornate altar of the Wu Jian Council.
   154 | D        | Found Izublek's Distillery.
   163 | D        | Killed a queen ant
   163 | D        | Arena points: 12 (+12) [x2]
   163 | D        | Reached skill level 10 in Unarmed Combat
   163 | D        | Reached XP level 5. HP: 10/43 MP: 5/5
   163 | D        | Reached XP level 6. HP: 11/49 MP: 6/6
   163 | D        | Reached XP level 7. HP: 13/54 MP: 7/7
   169 | D        | HP: 2/54 [poisoned by a queen ant]
   170 | D        | Succumbed to a queen ant's poison

Illustrated notes

Levels and vault maps discovered:
D:        arena_sprint

Skill      XL: |  1  2  3  4 |
---------------+-------------+-----
Fighting       | 2 3 7 |  7.3
Dodging        | 3 4 7 |  7.6
Unarmed Combat | 3 4 10 | 10.2
Evocations     | 4 5 8 |  8.6
Stealth        | |  1.3

Action                   |  1- 3 |  4- 6 |  7- 9 || total
-------------------------+-------+-------+-------++-------
Melee: Unarmed           |     9 |     5 |       ||    14
       Tentacles         |     4 |     1 |       ||     5
       Constrict         |     3 |     1 |       ||     4
Evoke: Wand              |     6 |     7 |     1 ||    14
  Use: Potion            |       |     1 |     1 ||     2
Dodge: Dodged            |     7 |     5 |       ||    12

Table legend: (Time is in decaauts)
 A = Elapsed time spent in this place.
 B = Non-inter-level travel time spent in this place.
 C = Inter-level travel time spent in this place.
 D = Time resting spent in this place.
 E = Time spent auto-exploring this place.
 F = Levels seen in this place.
 G = Mean time per level.
                   A        B        C        D        E       F      G
               +--------+--------+--------+--------+--------+-----+--------+
         Total |    167 |    167 |      0 |     61 |      0 |   1 |  167.0 |
       Dungeon |    167 |    167 |      0 |     61 |      0 |   1 |  167.0 |
               +--------+--------+--------+--------+--------+-----+--------+

Top non-repeatable levels by time:
       D: 167 daAuts
